Map: Port Aleksander LE

Players

HateMe

  • Race: Zerg Zerg
  • Spawn Location: 11:00

Kas - Winner!

  • Race: Terran Terran
  • Spawn Location: 5:00

Event: 2019 WCS Spring

VOD

Have the link to the VOD?

Description

Time

  • Played on: May 17, 2019, 7:31 a.m.
  • Length: 26:03

All games in this series

Show
View Real Time Build Order
Export as new Build Order

HateMe Zerg 

Build Orders: Hatch First 

Get SALT Encoding   

  12  0:00  Drone  
  13  0:13  Overlord  
  13  0:18  Drone  
  14  0:31  Drone x2  
  16  0:49  Hatchery  
  15  0:52  Drone  
  15  0:56  Drone  
  17  1:00  Drone  
  18  1:10  Extractor  
  17  1:15  Spawning Pool  
  16  1:19  Drone  
  16  1:21  Drone  
  18  1:28  Drone  
  19  1:39  Drone  
  20  1:49  Overlord  
  20  2:02  Queen x2  
  20  2:03  Zergling x4  
  26  2:12  Drone x2  
  26  2:14  Metabolic Boost  
  28  2:22  Drone  
  29  2:23  Drone  
  30  2:33  Overlord  
  30  2:37  Queen  
  30  2:41  Queen  
  34  2:53  Drone x2  
  34  2:54  Overlord  
  34  2:55  Drone  
  37  2:59  Drone  
  38  3:05  Drone  
  38  3:06  Drone  
  40  3:18  Hatchery  
  39  3:23  Drone x4  
  43  3:31  Overlord  
  44  3:34  Drone  
  44  3:39  Queen  
  44  3:40  Queen  
  48  3:50  Drone x2  
  48  3:52  Overlord  
  48  3:54  Baneling Nest  
  49  4:02  Zergling x10  
  54  4:12  Drone  
  54  4:13  Drone  
  54  4:14  Drone x2  
  58  4:19  Queen x2  
  62  4:25  Overlord  
  62  4:26  Drone x3  
  62  4:28  Drone  
  62  4:29  Drone  
  62  4:30  Drone  
  68  4:36  Lair  
  68  4:39  Drone x2  
  68  4:42  Drone x2  
  72  4:49  Spore Crawler  
  72  4:51  Spore Crawler x2, Baneling x3  
  72  4:52  Baneling  
  69  4:57  Zergling x6  
  72  5:02  Drone x4  
  72  5:04  Drone  
  76  5:08  Drone x3  
  76  5:09  Drone  
  76  5:11  Drone x2  
  82  5:21  Roach Warren  
  80  5:31  Drone x2  
  80  5:32  Overlord x2  
  82  5:36  Extractor x2, Overseer  
  82  5:37  Extractor  
  82  5:38  Extractor, Overseer  
  82  5:41  Drone  
  82  5:42  Drone x3  
  82  5:48  Extractor, Drone  
  82  5:49  Overlord x2  
  82  5:51  Drone x5  
  82  5:53  Drone  
  82  5:54  Drone  
  82  5:56  Drone  
  90  5:58  Drone x2  
  92  6:07  Drone x5  
  97  6:21  Drone x3  
  97  6:23  Hatchery  
  97  6:25  Glial Reconstitution  
  96  6:29  Evolution Chamber  
  96  6:30  Evolution Chamber  
  96  6:32  Overlord  
  94  6:34  Overlord  
  94  6:39  Roach x9  
  112  6:44  Overlord x2  
  112  6:47  Overlord x2  
  113  6:58  Zerg Missile Weapons Level 1  
  113  6:59  Zerg Ground Armor Level 1  
  113  7:01  Hatchery  
  112  7:02  Roach  
  112  7:03  Roach x3  
  120  7:08  Overlord  
  120  7:11  Roach x5  
  130  7:19  Baneling x4  
  130  7:26  Roach x9  
  130  7:28  Overlord  
  148  7:35  Infestation Pit  
  147  7:41  Drone x10  
  157  7:48  Roach  
  159  7:51  Roach x4  
  159  7:55  Roach x2  
  157  8:01  Overlord  
  156  8:05  Spore Crawler  
  156  8:06  Roach x2  
  156  8:10  Roach x3  
  165  8:14  Hive  
  165  8:16  Spire  
  165  8:17  Overlord  
  165  8:19  Extractor  
  163  8:20  Infestor  
  163  8:24  Infestor  
  157  8:27  Roach x3  
  157  8:31  Roach x2  
  167  8:47  Roach x10  
  167  8:48  Roach  
  189  8:53  Extractor, Hydralisk Den  
  187  8:56  Overlord x2  
  187  9:08  Zerg Ground Armor Level 2, Zerg Missile Weapons Level 2  
  179  9:26  Viper x2  
  185  9:34  Greater Spire  
  185  9:35  Overlord  
  179  9:46  Roach x10  
  199  10:01  Grooved Spines  
  199  10:20  Roach  
  191  10:25  Hatchery  
  182  10:29  Viper x3  
  182  10:34  Hydralisk x5  
  182  10:35  Hatchery  
  196  10:37  Ravager  
  196  10:56  Hydralisk x3  
  183  11:11  Hydralisk x13  
  171  11:13  Muscular Augments  
  171  11:14  Overseer  
  171  11:15  Overseer  
  189  11:20  Roach x4  
  185  11:29  Hydralisk x4  
  187  11:34  Roach x4  
  187  11:35  Zergling x14  
  200  11:52  Drone x7  
  199  11:58  Zerg Ground Armor Level 3  
  199  11:59  Zerg Missile Weapons Level 3  
  199  12:04  Pneumatized Carapace  
  193  12:31  Spore Crawler  
  193  12:32  Spore Crawler  
  193  12:33  Spore Crawler  
  193  12:35  Corruptor x7  
  186  13:10  Spore Crawler  
  186  13:12  Hydralisk x17  
  163  13:19  Hydralisk x2  
  185  13:20  Hydralisk  
  181  13:29  Drone x6  
  187  13:35  Roach, Spine Crawler x2  
  187  13:36  Roach x6, Spine Crawler  
  187  13:38  Spine Crawler  
  193  13:45  Corruptor x3  
  193  13:48  Overseer x2  
  195  13:49  Overseer  
  194  14:00  Spore Crawler  
  194  14:01  Spore Crawler, Drone x3  
  194  14:02  Spine Crawler  
  194  14:03  Corruptor  
  194  14:04  Corruptor x2  
  188  14:13  Corruptor x2  
  192  14:17  Extractor  
  192  14:19  Extractor  
  190  14:29  Overseer  
  190  14:30  Roach x5  
  184  14:39  Roach  
  184  14:40  Roach x10  
  157  14:56  Corruptor x5  
  157  14:59  Hydralisk  
  169  15:03  Drone x6  
  169  15:04  Drone  
  175  15:25  Drone x2  
  175  15:26  Drone x2  
  176  15:40  Brood Lord x4  
  180  15:44  Brood Lord x3  
  180  15:46  Corruptor  
  188  16:00  Hatchery  
  188  16:02  Corruptor x3  
  193  16:04  Overlord  
  191  16:40  Roach x6  
  157  16:54  Drone x11  
  154  17:02  Viper x2  
  154  17:03  Viper x2  
  154  17:06  Ravager x3  
  154  17:08  Overlord  
  169  17:11  Brood Lord x2  
  169  17:13  Infestor  
  175  17:23  Drone x5  
  180  17:31  Spore Crawler  
  180  17:33  Brood Lord x2  
  180  17:37  Brood Lord  
  180  17:41  Zerg Flyer Weapons Level 1  
  181  17:46  Pathogen Glands  
  155  18:14  Viper x3  
  124  18:35  Roach x12  
  146  18:45  Hatchery  
  145  18:51  Infestor x2  
  149  19:04  Drone x6  
  146  19:11  Roach x2  
  146  19:16  Infestor  
  142  19:22  Brood Lord  
  144  19:30  Infestor  
  146  19:42  Ravager x3  
  148  20:06  Roach x8  
  152  20:35  Infestor x5  
  147  20:40  Hatchery  
  156  20:58  Roach x2  
  156  21:00  Zergling x12  
  160  21:31  Corruptor  
  123  21:53  Hydralisk x2  
  110  22:05  Roach x4  
  118  22:12  Hatchery  
  113  22:20  Hatchery  
  113  22:21  Drone x4  
  113  22:22  Drone  
  115  22:45  Brood Lord  
  115  22:49  Drone x6  
  123  23:04  Corruptor  
  125  23:15  Roach x3  
  131  23:23  Drone x4  
  126  23:47  Drone  
  126  23:48  Drone x9  
  132  23:50  Extractor  
  132  23:51  Extractor, Drone x4  
  132  23:52  Extractor  
  128  24:04  Drone  
  128  24:05  Drone x4  
  120  24:31  Hydralisk x7  
  120  24:41  Hydralisk  
  115  24:51  Zergling x2  
  115  24:52  Zergling x16  
  124  24:58  Hydralisk x3  
  124  25:01  Zergling x6  
  127  25:10  Zergling x6  
  125  25:15  Hydralisk x2  
  125  25:17  Zergling x2  
  125  25:18  Zergling x2  
  107  25:22  Zergling x6  
  107  25:26  Roach x2  
  89  25:34  Roach  
  89  25:35  Roach x2  
  76  25:40  Roach x2  
Show
View Real Time Build Order
Export as new Build Order

Kas Terran - Winner!

Build Orders: Gas First Reaper Expand, Hellion Banshee, Mech 

Get SALT Encoding   

  12  0:00  SCV  
  13  0:13  SCV  
  14  0:18  Supply Depot  
  14  0:25  SCV  
  15  0:30  Refinery  
  15  0:39  SCV  
  16  0:45  Barracks  
  16  0:51  SCV  
  17  1:03  SCV  
  18  1:15  SCV  
  19  1:33  Reaper, Orbital Command  
  20  1:45  Command Center  
  20  1:56  Factory  
  21  2:01  SCV  
  21  2:09  Barracks Reactor  
  21  2:13  SCV  
  21  2:15  Supply Depot  
  22  2:22  Refinery  
  22  2:25  SCV  
  23  2:42  SCV  
  24  2:50  Starport  
  24  2:54  Hellion x2  
  24  2:57  SCV  
  29  2:59  Orbital Command  
  29  3:08  Barracks Tech Lab  
  29  3:09  SCV  
  30  3:16  Hellion  
  30  3:18  Hellion  
  34  3:21  SCV  
  34  3:25  SCV  
  36  3:33  SCV  
  37  3:34  Banshee, Cloaking Field  
  37  3:38  SCV  
  41  3:43  Supply Depot  
  41  3:46  SCV  
  42  3:52  Hellion x2  
  42  3:53  Barracks Tech Lab  
  46  4:05  SCV x2  
  46  4:06  Supply Depot  
  47  4:17  SCV x2, Banshee  
  52  4:27  Command Center  
  52  4:31  Siege Tank  
  52  4:32  SCV  
  52  4:35  Marine  
  52  4:36  Marine  
  58  4:39  SCV  
  59  4:46  Supply Depot  
  59  4:47  Supply Depot  
  59  4:49  SCV  
  60  4:53  Marine  
  60  4:54  Marine  
  62  5:07  SCV  
  65  5:14  SCV  
  65  5:17  Factory  
  65  5:19  SCV, Factory  
  67  5:26  SCV, Refinery  
  67  5:27  Refinery  
  66  5:32  SCV, Hellion x2  
  71  5:38  SCV  
  72  5:43  Orbital Command  
  72  5:44  SCV  
  73  5:51  SCV, Factory, Barracks Reactor  
  73  5:52  Factory  
  73  5:53  Hellion  
  73  5:56  SCV  
  79  5:57  Hellion  
  79  6:03  SCV  
  83  6:04  Cyclone  
  83  6:05  Cyclone  
  83  6:08  SCV  
  87  6:18  Engineering Bay, Orbital Command  
  87  6:20  Supply Depot  
  87  6:35  Armory  
  87  6:36  Hellion, Cyclone  
  87  6:39  Factory Tech Lab  
  92  6:41  SCV, Hellion, Cyclone  
  92  6:42  Supply Depot  
  92  6:45  SCV x2, Supply Depot  
  100  6:52  Missile Turret  
  100  6:53  SCV  
  101  6:55  Missile Turret  
  101  6:58  Refinery  
  101  7:00  Missile Turret  
  101  7:01  Refinery  
  101  7:04  SCV x2, Cyclone  
  101  7:05  SCV  
  101  7:08  Cyclone  
  110  7:14  Supply Depot  
  110  7:16  Siege Tank  
  110  7:20  SCV x2  
  110  7:21  SCV  
  116  7:26  Terran Vehicle And Ship Armor Level 1  
  116  7:28  Supply Depot  
  116  7:29  Supply Depot  
  116  7:32  SCV, Mag-Field Accelerator  
  116  7:34  Infernal Pre-Igniter  
  116  7:36  SCV, Hellion  
  120  7:40  Cyclone  
  117  7:59  SCV x2  
  117  8:04  SCV  
  120  8:07  Command Center  
  120  8:09  Cyclone x2  
  120  8:10  Sensor Tower  
  120  8:11  SCV x2, Hellion x2  
  132  8:16  SCV  
  133  8:23  SCV x2, Factory Tech Lab  
  135  8:29  SCV  
  135  8:32  Hellion x2  
  140  8:35  SCV  
  141  8:46  Factory  
  141  9:05  Supply Depot x2  
  141  9:06  Supply Depot x2  
  141  9:08  SCV x2  
  141  9:10  SCV  
  141  9:13  Hellion  
  141  9:19  Hellion, Cyclone x3  
  141  9:20  SCV, Factory x2  
  153  9:25  Command Center  
  153  9:35  Starport Reactor, Factory Tech Lab  
  153  9:43  SCV  
  154  9:46  Refinery  
  154  9:47  Refinery  
  154  9:49  Missile Turret  
  154  9:50  Planetary Fortress  
  154  9:51  Cyclone x3  
  158  10:02  SCV  
  158  10:03  Cyclone  
  158  10:04  SCV  
  158  10:05  SCV  
  164  10:11  Factory Reactor, Factory Tech Lab  
  164  10:13  Terran Vehicle And Ship Armor Level 2  
  164  10:14  SCV  
  164  10:15  Refinery  
  165  10:22  Starport  
  165  10:23  Fusion Core  
  165  10:25  Liberator  
  163  10:34  Cyclone x2  
  169  10:36  Cyclone x2  
  169  10:37  Missile Turret  
  169  10:41  Missile Turret  
  178  10:44  Missile Turret  
  178  10:49  Cyclone  
  150  11:06  Cyclone x2  
  150  11:08  Cyclone  
  150  11:10  Cyclone  
  150  11:11  Hellion, Liberator  
  150  11:17  Hellion x2  
  152  11:21  Cyclone  
  155  11:29  Starport Tech Lab  
  158  11:36  SCV, Liberator  
  158  11:37  SCV  
  158  11:38  Cyclone x2, Liberator  
  166  11:40  Cyclone  
  166  11:41  SCV x2  
  166  11:42  Cyclone  
  177  11:54  Advanced Ballistics  
  177  11:56  Cyclone  
  177  11:59  SCV x2  
  185  12:01  Planetary Fortress  
  185  12:05  SCV x2  
  187  12:10  Cyclone  
  187  12:11  SCV x2  
  187  12:12  Hellion x2  
  196  12:20  Cyclone  
  199  12:29  Terran Vehicle Weapons Level 1  
  196  12:36  Starport  
  196  12:37  Barracks Reactor  
  196  12:38  Starport  
  196  12:44  Command Center  
  196  12:45  Command Center  
  196  12:46  Command Center  
  196  12:47  Sensor Tower  
  186  13:00  Liberator x3  
  168  13:09  Cyclone x2  
  168  13:10  Cyclone x3  
  156  13:17  Hellion x3  
  156  13:19  Hellion  
  165  13:27  Hellion x2  
  167  13:40  Hellion x2  
  171  13:41  Cyclone x2  
  171  13:42  Cyclone x3  
  171  13:44  SCV  
  187  13:50  Hellion  
  187  13:51  Hellion  
  191  13:57  Sensor Tower  
  191  13:58  Orbital Command  
  191  14:08  Viking x2  
  191  14:09  Viking  
  194  14:10  Viking  
  194  14:13  Cyclone  
  194  14:14  Cyclone  
  194  14:15  Orbital Command  
  197  14:26  Liberator x2  
  197  14:28  Cyclone  
  200  14:32  Liberator  
  188  14:38  Viking  
  188  14:40  Cyclone x2  
  188  14:41  Liberator  
  188  14:45  Hellion x2, Cyclone  
  164  14:46  Hellion, Cyclone  
  169  15:01  Cyclone  
  169  15:03  Refinery  
  169  15:04  Viking, Refinery  
  169  15:05  Hellion  
  169  15:06  Hellion  
  178  15:08  Viking  
  178  15:09  Hellion  
  182  15:18  Hellion x3  
  182  15:19  Planetary Fortress, Hellion  
  190  15:25  Liberator x4  
  187  15:35  Liberator  
  190  15:44  Starport Reactor  
  199  15:57  Refinery  
  199  15:58  Refinery  
  199  15:59  Command Center x2  
  199  16:05  Smart Servos  
  199  16:06  Liberator x2  
  193  16:25  Cyclone x2  
  199  16:44  Liberator x2  
  179  17:00  Cyclone  
  179  17:01  Cyclone  
  189  17:15  Orbital Command  
  186  17:20  Command Center  
  186  17:24  Command Center x2  
  186  17:39  SCV  
  186  17:41  Cyclone x2  
  193  17:49  Factory x2  
  193  17:51  Factory x2  
  193  17:54  Factory  
  193  18:08  Viking  
  187  18:12  Liberator x2  
  187  18:13  Liberator  
  187  18:17  Viking x3  
  181  18:21  Liberator  
  164  18:30  Liberator x3  
  164  18:31  Hellion x2  
  164  18:32  Hellion x9  
  176  18:51  Factory Tech Lab  
  176  18:52  Factory Tech Lab  
  176  18:53  Hellion x2, Cyclone x2  
  186  18:57  Planetary Fortress  
  182  19:04  Cyclone x2, Liberator  
  182  19:06  SCV x4  
  184  19:12  Viking x2, Liberator  
  184  19:13  Viking  
  190  19:18  SCV x4  
  198  19:25  Orbital Command  
  198  19:27  Orbital Command  
  198  19:30  Orbital Command  
  200  20:06  Refinery x2  
  200  20:10  Viking  
  190  20:35  Terran Ship Weapons Level 1  
  188  20:37  Armory  
  188  20:59  Command Center  
  188  21:02  Command Center  
  188  21:07  Command Center  
  152  21:53  Viking x7  
  158  22:02  Thor x7  
  158  22:04  Factory Tech Lab x2  
  158  22:23  Viking x7  
  158  22:24  Thor  
  158  22:25  Thor  
  158  22:26  Factory Tech Lab  
  158  22:27  Hellion x6  
  158  22:29  Terran Vehicle And Ship Armor Level 3  
  196  22:35  Planetary Fortress  
  181  22:45  Thor x2  
  193  22:53  Viking x2  
  197  23:02  Hellion  
  199  23:24  Liberator  
  199  23:25  Liberator x3  
  199  23:26  Terran Vehicle Weapons Level 2  
  187  23:47  Orbital Command  
  187  23:48  Orbital Command  
  196  23:57  Cyclone  
  199  24:09  Liberator x2  
  186  24:26  Liberator  
  186  24:27  Liberator  
  167  24:41  Thor x5  
  177  25:24  Cyclone x7  
  177  25:25  Hellion  
  196  25:30  Hellion x3  
  196  25:31  Hellion x2  
  196  25:34  Refinery  
  196  25:35  Refinery  
Tags
 
Add a new tag
Caveats
  • Supply blocks, unpowered buildings, or Contaminate may cause inaccurate times.
  • Supply counts are checked every 10 seconds.